 Dungeon Crawl Stone Soup version 0.30-a0-711-gf4ac18a38d (webtiles) character file.

Game seed: 13876748455197139355

3868 kae the Transmogrifier (level 9, -6/70 HPs)
             Began as a Demonspawn Transmuter on Jan 22, 2023.
             Was a Follower of Wu Jian.
             Mangled by an orc knight
             ... wielding a +0 broad axe
              (24 damage)
             ... in a bailey.
             The game lasted 00:09:03 (6108 turns).

kae the Transmogrifier (Demonspawn Transmuter)      Turns: 6108, Time: 00:09:04

Health: -6/70      AC: 12    Str: 12    XL:     9   Next: 99%
Magic:  11/17      EV: 10    Int: 16    God:    Wu Jian [*.....]
Gold:   280        SH:  4    Dex: 15    Spells: 9/19 levels left

rFire   x . .      SeeInvis .      - Unarmed
rCold   + + +      Faith    .    (shield currently unavailable)
rNeg    . . .      Spirit   .    (body armour currently unavailable)
rPois   +          Reflect  .    (helmet currently unavailable)
rElec   .          Harm     .    (cloak currently unavailable)
rCorr   .          Rampage  .    (gloves currently unavailable)
Will    +....                    (boots currently unavailable)
Stlth   +                        A - amulet of the acrobat
HPRegen 0.31/turn                q - ring of willpower
MPRegen 0.15/turn                z - ring of wizardry

@: mighty, ice-form, wereblooded
A: freezing attack, amphibious, boosted hp, large, (thin metallic scales 1),
demonic guardian 2, icemail 1, condensation shield
a: End Transformation, Renounce Religion


You were in a bailey.
You worshipped Wu Jian.
Wu Jian was aware of your devotion.
You were a creature of crystalline ice.
You visited 2 branches of the dungeon, and saw 8 of its levels.
You also visited: Bailey.

You collected 280 gold pieces.


Innate Abilities, Weirdness & Mutations

You are a creature of crystalline ice.
You have a powerful freezing melee attack.
You are amphibious.
Your maximum health is increased.
Your armour is entirely melded.
You are incapable of wielding weapons or throwing items.
((You are partially covered in thin metallic scales. (AC +2)))
A demonic guardian rushes to your aid.
A meltable icy envelope protects you from harm. (AC +4)
A meltable shield of frost defends you. (SH +4)


   Skills:
 - Level 1.0 Fighting
 - Level 1.7 Dodging
 + Level 6.1 Unarmed Combat
 + Level 5.8 Spellcasting
 * Level 8.0 Transmutations
 * Level 6.9 Ice Magic
 - Level 1.5 Poison Magic


You had 9 spell levels left.
You knew the following spells:

 Your Spells              Type           Power      Damage    Failure   Level
a - Beastly Appendage     Tmut           60%        N/A       1%          1
b - Wereblood             Tmut           30%        N/A       1%          2
c - Spider Form           Tmut/Pois      19%        N/A       2%          3
d - Ice Form              Ice/Tmut       28%        N/A       2%          4

Your spell library contained the following spells:

 Spells                   Type           Power      Damage    Failure   Level
 Necrotise                Necr           16%        1d4       6%          1
 Slow                     Hex            16%        N/A       6%          1
 Confusing Touch          Hex            4%         N/A       16%         3
 Vampiric Draining        Necr           4%         2d6       16%         3
 Yara's Violent Unravell  Hex/Tmut       8%         3d5       28%         5
 Animate Dead             Necr           4%         N/A       45%         4
 Agony                    Necr           4%         N/A       80%         5
 Enfeeble                 Hex            2%         N/A       100%        7
 Haunt                    Necr/Summ      2%         N/A       100%        7
 Infestation              Necr           2%         N/A       100%        8

Inventory:

Missiles
 e - 85 stones
 h - 16 poisoned darts
 n - 10 curare-tipped darts {=f}
Armour
 a - a +0 robe (melded)
 E - a +0 cloak (melded)
   (You took it off Crazy Yiuf on level 6 of the Dungeon)
Magical Staves
 u - a staff of earth {!a}
   (You found it on level 5 of the Dungeon)
 y - a staff of death {!a}
   (You found it on level 6 of the Dungeon)
Jewellery
 q - a ring of willpower (left front paw)
   (You found it on level 4 of the Dungeon)
 z - a ring of wizardry (right front paw)
   (You found it on level 7 of the Dungeon)
 A - an amulet of the acrobat (around neck)
   (You found it on level 4 of the Dungeon)
 Z - a ring of wizardry
   (You found it on level 5 of the Dungeon)
Wands
 o - a wand of digging (7)
   (You found it on level 3 of the Dungeon)
 p - a wand of flame (22)
   (You took it off Jessica on level 3 of the Dungeon)
Scrolls
 d - 2 scrolls of magic mapping {!r}
 g - a scroll of butterflies
 i - 4 scrolls of blinking {!r}
 v - 3 scrolls of identify {@r1}
 w - 2 scrolls of teleportation {unknown}
 x - a scroll of poison {unknown}
 C - a scroll of amnesia {unknown}
 D - a scroll of fog {unknown}
Potions
 b - 2 potions of lignification {!q}
 c - 2 potions of curing {unknown}
 f - 3 potions of brilliance
 j - a potion of ambrosia {unknown}
 k - a potion of flight {unknown}
 m - a potion of invisibility {unknown}
 r - 3 potions of heal wounds {@q2}
 s - 2 potions of mutation {unknown}
 t - a potion of attraction {unknown}
 B - a potion of degeneration {unknown}
 F - 2 potions of haste {@q3}
 G - a potion of cancellation {unknown}
 H - a potion of magic {unknown}

Dungeon Overview and Level Annotations

Branches:
Dungeon (7/15) Zot: 26966  Temple (1/1) D:6 Zot: 5871  Bailey (1/1) Zot: 5630

Altars:
Cheibriados
Dithmenos
Fedhas
Gozag
Hepliaklqana
Kikubaaqudgha
Makhleb
Nemelex Xobeh
Okawaru
Qazlal
Ru
Trog
Uskayaw
Vehumet
Wu Jian
Xom

Annotations:
D:5 2 transporters, jazmu's ghost, novice OpEE

.......## .. .......
........# .g.... .......
........###o..# .......
...⌠.....###g### ...⌠...
........##88.88## .......
........#.......# .......
.......##.......##g......
.......'.......ogog......
#.....##.......oY##.....#
#######.....⌠.....# #####
##.......4.## #.........#
##.....).## #......!#
##..∩..## #######


You could see an orc warlord (strong), an orc knight (strong, ally target), an
orc warrior (strong), a gnoll, an orc (strong), 2 hobgoblins, 2 goblins and a
friendly ice devil (summoned).


Message History

You punch the orc! You freeze the orc.
You feel a bit better.
You kill the orc!
The Council accepts your kill.
There are monsters nearby!
You lunge at the goblin.
You punch the goblin! You freeze the goblin.
You kill the goblin!
The Council accepts your kill.
There is an open door here.
Things that are here:
a +0 war axe; a +0 leather armour; an orc corpse You barely miss the hobgoblin.
You block the hobgoblin's attack.
A gnoll comes into view. It is wielding a +0 hand axe. 😎 HP[+2]
Your hp is fully restored (70).
You punch the goblin! You freeze the goblin.
You kill the goblin!
The Council accepts your kill. The hobgoblin closely misses you.
You hit the orc warrior. You freeze the orc warrior. You hit the orc warrior.
You freeze the orc warrior.
The orc warrior hits you with a +0 war axe.
The hobgoblin barely misses you.
You punch the orc warrior! You freeze the orc warrior.
The orc warrior barely misses you.
The hobgoblin closely misses you. 😕 HP[-1] MP[+1]
You take 1 damage, and now have 69/70 hp.
You barely miss the orc warrior.
Your primal bloodlust is almost over.
You hear a shout!
The orc warrior misses you.
The hobgoblin hits you but does no damage.
You pummel the orc warrior!! You freeze the orc warrior.
You kill the orc warrior!
The Council accepts your kill.
Your transformation is almost over.
You block the hobgoblin's attack. You block the gnoll's attack. 😎 HP[+1]
Your hp is fully restored (70).
You spin and attack the gnoll.
You barely miss the gnoll.
An orc comes into view.
It is wielding a +0 hand axe and wearing the ring "Hewnomyv" {rElec rC+ Str-3 Dex+7}.
You block the gnoll's attack.
You feel very mighty all of a sudden. The goblin closely misses you.
The gnoll hits you but does no damage. x2
Casting: Wereblood (safe; 1% risk of failure)
Confirm with . or Enter, or press ? or * to list all spells.
Your blood is freshly infused with primal strength!
The goblin hits you but does no damage.
An orc warrior comes into view. It is wielding a +0 war axe.
You block the gnoll's attack. The gnoll barely misses you.
The goblin completely misses you.
The gnoll completely misses you. x2 😎 MP[-1]
You lost 1 mp, and now have 14/17 mp.
You barely miss the gnoll. The goblin hits you with a +0 hand axe.
The gnoll closely misses you. x2 😕 HP[-1]
You take 1 damage, and now have 69/70 hp.
You pummel the gnoll!! You freeze the gnoll!
You feel a bit better.
You kill the gnoll!
The Council accepts your kill. The gnoll barely misses you.
A goblin comes into view. It is wielding a +0 hand axe. 😎 HP[+1]
Your hp is fully restored (70).
The goblin shouts!
You punch the orc knight! You freeze the orc knight. You punch the orc knight!
You freeze the orc knight. The gnoll closely misses you.
An orc warlord comes into view. It is wielding a +6 battleaxe.
Unknown command.
The orc warlord shouts!
You punch the orc knight! You freeze the orc knight.
The orc warrior closely misses you.
The orc knight hits you with a +0 broad axe!
The gnoll barely misses you. 😕 HP[-14]
You take 14 damage, and now have 56/70 hp.
You punch the orc knight! You freeze the orc knight.
You warm up again.
Your +0 cloak unmelds from your body.
Your +0 robe unmelds from your body.
The orc knight roars a battlecry!
The orcs go into a battle-frenzy!
The orc warrior hits you with a +0 war axe!!
* * * LOW HITPOINT WARNING * * *
A demonic guardian appears!
You block the gnoll's attack.
The orc warlord roars a battlecry!
The orc knight goes into a battle-frenzy! 😨 HP[-31]
You now have 59 max hp (-11).
You take 31 damage, and now have 25/59 hp.
MASSIVE DAMAGE!! (PAUSE)
Casting: Wereblood (safe; 1% risk of failure)
Confirm with . or Enter, or press ? or * to list all spells.
You turn into a creature of crystalline ice.
Your +0 cloak melds into your body.
Your +0 robe melds into your body.
The orc warrior hits you with a +0 war axe!
* * * LOW HITPOINT WARNING * * *
A hobgoblin comes into view. It is wielding a +0 hand axe.
You block the gnoll's attack.
The orc knight hits you with a +0 broad axe!!
You die...

Skill      XL: |  1  2  3  4  5  6  7  8  9 |
---------------+----------------------------+-----
Transmutations | 2 3 4 5 6 8 |  8.0
Unarmed Combat | 3 4 5 6 |  6.1
Poison Magic   | 1 |  1.5
Spellcasting   | 3 4 5 |  5.8
Ice Magic      | 2 3 5 6 |  6.9
Fighting       | |  1.0
Dodging        | |  1.7

Action                     |  1- 3 |  4- 6 |  7- 9 || total
---------------------------+-------+-------+-------++-------
  Melee: Unarmed           |   120 |   159 |   280 ||   559
         Headbutt          |    12 |     9 |       ||    21
         Kick              |    14 |     9 |       ||    23
         Punch             |       |     2 |       ||     2
   Cast: Beastly Appendage |    20 |     9 |       ||    29
         Spider Form       |     1 |     8 |     5 ||    14
         Ice Form          |       |     1 |    26 ||    27
         Wereblood         |       |       |    11 ||    11
Ability: End Transformatio |       |       |     2 ||     2
         Lunge             |       |       |     4 ||     4
         Whirlwind         |       |       |     1 ||     1
  Evoke: Wand              |       |       |     3 ||     3
    Use: Potion            |     2 |       |     1 ||     3
         Scroll            |       |     4 |     2 ||     6
   Stab: Sleeping          |     1 |       |       ||     1
         Distracted        |       |       |     1 ||     1
 Armour: Robe              |     9 |    33 |     6 ||    48
         Skin              |       |    11 |    75 ||    86
  Dodge: Dodged            |    70 |   115 |   147 ||   332
  Block: Other             |    18 |    26 |    52 ||    96

Levels and vault maps discovered:
D:1:      dpeg_arrival_tiny_h, layout_rooms, interstate_on_off,
          minmay_split_cup_small
D:2:      layout_loops_ring, uniq_terence
D:3:      layout_rooms, uniq_jessica
D:4:      layout_basic, glass_columns_b, uniq_blork_the_orc
D:5:      layout_cave_pods, marbit_many_paths, grunt_qazlal_sundering,
          gammafunk_ghost_arena, dilly_guarded_unrand_morg, uniq_grinder,
          uniq_menkaure
D:6:      layout_basic, mainiacjoe_overflow_concentric_impassable,
          minmay_temple_entry_trees, uniq_eustachio, uniq_sigmund,
          uniq_crazy_yiuf_cottage
D:7:      layout_basic, lemuel_blue_sif_altar, enter_bailey_1,
          dk_noncrumbling_2, lemuel_flamethrower_2, uniq_joseph
Temple:   nicolae_temple_superstar
Bailey:   bailey_axe_minmay_hex_keep, bailey

Notes
Turn   | Place    | Note
-------+----------+-------------------------------------------
     0 | D:1      | kae the Demonspawn Transmuter began the quest for the Orb.
     0 | D:1      | Reached XP level 1. HP: 15/15 MP: 3/3
     0 | D:1      | magus.rc [v1.11.3]
    90 | D:1      | You pick up a book of Debilitation and begin reading...
    90 | D:1      | You add the spells Slow, Vampiric Draining and Confusing
                  | Touch to your library.
   118 | D:1      | Reached skill level 2 in Transmutations
   246 | D:1      | Gained mutation: A meltable shield of frost defends you.
                  | (SH +4) [demonic ancestry]
   246 | D:1      | Reached XP level 2. HP: 21/21 MP: 3/5
   610 | D:2      | Reached skill level 3 in Unarmed Combat
   662 | D:2      | HP: 4/21 [poisoned by an adder]
   668 | D:2      | Gained mutation: You are partially covered in thin metallic
                  | scales. (AC +2) [demonic ancestry]
   668 | D:2      | Reached XP level 3. HP: 21/26 MP: 4/6
   679 | D:2      | Learned a level 2 spell: Wereblood
   683 | D:2      | Learned a level 3 spell: Spider Form
  1310 | D:2      | Noticed Terence
  1326 | D:2      | Killed Terence
  1327 | D:2      | Reached skill level 3 in Transmutations
  1327 | D:2      | Reached skill level 1 in Poison Magic
  1327 | D:2      | Gained mutation: A weak demonic guardian rushes to your
                  | aid. [demonic ancestry]
  1327 | D:2      | Reached XP level 4. HP: 24/32 MP: 4/7
  1368 | D:3      | Noticed a necrophage
  1505 | D:3      | Killed a necrophage
  1506 | D:3      | Gained mutation: A meltable icy envelope protects you from
                  | harm. (AC +4) [demonic ancestry]
  1506 | D:3      | Reached XP level 5. HP: 21/37 MP: 6/9
  1644 | D:3      | You pick up a book of Death and begin reading...
  1644 | D:3      | You add the spells Animate Dead, Haunt and Infestation to
                  | your library.
  1701 | D:3      | Noticed Jessica
  1709 | D:3      | Killed Jessica
  1710 | D:3      | Reached skill level 3 in Spellcasting
  1940 | D:3      | You pick up a book of Misfortune and begin reading...
  1940 | D:3      | You add the spells Yara's Violent Unravelling and Enfeeble
                  | to your library.
  1973 | D:3      | Learned a level 4 spell: Ice Form
  2113 | D:4      | Gained mutation: A demonic guardian rushes to your aid.
                  | [demonic ancestry]
  2113 | D:4      | Reached XP level 6. HP: 27/43 MP: 10/10
  2210 | D:4      | Reached skill level 4 in Transmutations
  2210 | D:4      | Reached skill level 1 in Ice Magic
  2289 | D:4      | Noticed Blork the orc
  2363 | D:4      | Reached skill level 4 in Unarmed Combat
  2459 | D:4      | Reached skill level 2 in Ice Magic
  2580 | D:4      | Killed Blork the orc
  2581 | D:4      | Reached XP level 7. HP: 48/48 MP: 4/12
  3047 | D:5      | Entered Level 5 of the Dungeon
  3070 | D:5      | Found a stormy altar of Qazlal.
  3165 | D:5      | Noticed Menkaure
  3176 | D:5      | Killed Menkaure
  3177 | D:5      | Reached skill level 5 in Transmutations
  3177 | D:5      | Reached skill level 3 in Ice Magic
  3194 | D:5      | Reached skill level 4 in Spellcasting
  3291 | D:5      | Noticed Grinder
  3304 | D:5      | Killed Grinder
  3305 | D:5      | Reached XP level 8. HP: 54/54 MP: 10/14
  3417 | D:5      | Reached skill level 4 in Ice Magic
  3549 | D:5      | Found a transporter.
  3721 | D:5      | Noticed jazmu's ghost (novice OpEE)
  3730 | D:5      | Found a transporter.
  3984 | D:5      | Reached skill level 6 in Transmutations
  4128 | D:5      | Found a shadowy altar of Dithmenos.
  4332 | D:5      | Reached skill level 5 in Unarmed Combat
  4364 | D:5      | Reached skill level 5 in Ice Magic
  4384 | D:5      | You pick up a book of Necromancy and begin reading...
  4384 | D:5      | You add the spells Necrotise and Agony to your library.
  4392 | D:5      | Identified the +3 dagger of Ru {pain, rElec rF+ Int+3
                  | Dex+2}
  4486 | D:6      | Reached XP level 9. HP: 59/59 MP: 12/16
  4504 | D:6      | Noticed Sigmund
  4516 | D:6      | Killed Sigmund
  4517 | D:6      | Reached skill level 5 in Spellcasting
  4714 | D:6      | Reached skill level 7 in Transmutations
  4856 | D:6      | Noticed Eustachio
  4873 | D:6      | Killed Eustachio
  4874 | D:6      | Reached skill level 6 in Ice Magic
  5099 | D:6      | Found a hide-covered altar of Uskayaw.
  5314 | D:6      | Found a staircase to the Ecumenical Temple.
  5326 | Temple   | Entered the Ecumenical Temple
  5442 | Temple   | Became a worshipper of the Wu Jian Council
  5635 | D:6      | Found a runed translucent door.
  5636 | D:6      | Noticed Crazy Yiuf
  5643 | D:6      | Killed Crazy Yiuf
  5713 | D:7      | Found a flagged portal.
  5732 | Bailey   | Entered a bailey
  5941 | Bailey   | Reached skill level 6 in Unarmed Combat
  6075 | Bailey   | Reached skill level 8 in Transmutations
  6085 | Bailey   | Reached * piety under Wu Jian
  6086 | Bailey   | Noticed an orc knight
  6098 | Bailey   | Identified the ring "Hewnomyv" {rElec rC+ Str-3 Dex+7}
  6106 | Bailey   | Noticed an orc warlord
  6108 | Bailey   | Mangled by an orc knight

Vanquished Creatures
  Grinder (D:5)
  Sigmund (D:6)
  Menkaure (D:5)
  An ice beast (D:6)
  9 orc warriors (Bailey)
  A black bear (D:6)
  A sky beast (D:6)
  7 phantoms
  Blork the orc (D:4)
  2 necrophages
  4 scorpions
  5 wights (D:5)
  A howler monkey (D:4)
  A hound (D:6)
  2 jellies
  4 orc priests
  Crazy Yiuf (D:6)
  Jessica (D:3)
  5 iguanas
  Terence (D:2)
  3 orc wizards
  A spectral hound (D:5)
  A hound skeleton (D:5)
  5 adders
  5 gnolls
  A white imp (D:6)
  2 ufetubi
  A worm (D:2)
  A dart slug (D:1)
  18 orcs
  4 bats
  6 endoplasms
  6 giant cockroaches
  11 goblins
  17 hobgoblins
  3 jackals (D:2)
  5 kobolds
  4 quokkas
  4 ball pythons
  A frilled lizard (D:1)
  6 rats
155 creatures vanquished.

Vanquished Creatures (collateral kills)
  Eustachio (D:6)
  A water moccasin (D:6)
  A centaur zombie (D:5)
  A scorpion simulacrum (D:5)
  An orc (Bailey)
5 creatures vanquished.

Vanquished Creatures (others)
  A fungus (D:6)
  16 withered plants (D:5)
17 creatures vanquished.

Grand Total: 177 creatures vanquished

Table legend:
 A = Non-vault XP
 B = Vault XP
 C = Vault XP percentage of total XP
 D = Non-vault monster count
 E = Vault monster count
 F = Vault count percentage of total count
                 A         B        C        D         E       F
            +---------+---------+-------+---------+---------+-------
      Total |    2403 |    3124 |  56.5 |     106 |      54 |  33.8
            +---------+---------+-------+---------+---------+-------
        D:1 |      19 |       7 |  26.9 |      11 |       3 |  21.4
        D:2 |      62 |      36 |  36.7 |      19 |       1 |   5.0
        D:3 |     150 |      37 |  19.8 |      18 |       1 |   5.3
        D:4 |     483 |     100 |  17.2 |      23 |       1 |   4.2
        D:5 |     665 |    1188 |  64.1 |      20 |      14 |  41.2
        D:6 |    1024 |     460 |  31.0 |      15 |       3 |  16.7
     Bailey |       0 |    1296 | 100.0 |       0 |      31 | 100.0
            +---------+---------+-------+---------+---------+-------

Illustrated notes

Table legend:
 A = Kills in this place as a percentage of kills in entire the game.
 B = Kills by you in this place as a percentage of kills by you in the entire game.
 C = Kills by friends in this place as a percentage of kills by friends in the entire game.
 D = Other kills in this place as a percentage of other kills in the entire game.
 E = Experience gained in this place as a percentage of experience gained in the entire game.
 F = Experience gained in this place divided by the number of levels of this place that you have seen.
                   A       B       C       D       E      F
               +-------+-------+-------+-------+-------+----------------------
         Total | 100.0 | 100.0 | 100.0 |   N/A | 100.0 | 614.1
       Dungeon |  80.6 |  80.6 |  80.0 |   N/A |  76.6 | 604.4
        Bailey |  19.4 |  19.4 |  20.0 |   N/A |  23.4 | 1296.0
               +-------+-------+-------+-------+-------+----------------------

Table legend: (Time is in decaauts)
 A = Elapsed time spent in this place.
 B = Non-inter-level travel time spent in this place.
 C = Inter-level travel time spent in this place.
 D = Time resting spent in this place.
 E = Time spent auto-exploring this place.
 F = Levels seen in this place.
 G = Mean time per level.
                   A        B        C        D        E       F      G
               +--------+--------+--------+--------+--------+-----+--------+
         Total |   6061 |   5852 |    209 |     94 |   4501 |   9 |  673.4 |
       Dungeon |   5564 |   5367 |    197 |     45 |   4224 |   7 |  794.9 |
        Temple |    128 |    116 |     12 |      0 |     73 |   1 |  128.0 |
        Bailey |    368 |    368 |      0 |     49 |    204 |   1 |  368.0 |
               +--------+--------+--------+--------+--------+-----+--------+

Top non-repeatable levels by time:
     D:5: 1419 daAuts
     D:6: 1084 daAuts
     D:4: 943 daAuts
     D:2: 830 daAuts
     D:3: 666 daAuts
     D:1: 587 daAuts
  Bailey: 368 daAuts
  Temple: 128 daAuts
     D:7: 33 daAuts
